 Dungeon Crawl Stone Soup version 0.29.1-1-gd02db6906a (webtiles) character file.

Game seed: 7808220356565567355

1129 safid the Skirmisher (level 8, -8/58 (63) HPs)
             Began as a Minotaur Hunter on Oct 7, 2022.
             Was a Believer of Okawaru.
             Mangled by a wight
             ... wielding a +0 hand axe
              (9 damage)
             ... on level 6 of the Dungeon.
             The game lasted 00:08:04 (4191 turns).

safid the Skirmisher (Minotaur Hunter)              Turns: 4191, Time: 00:08:04

HP:   -8/58 (63)    AC:  4    Str: 17    XL:     8   Next: 13%
MP:   7/7           EV: 12    Int:  6    God:    Okawaru [**....]
Gold: 306           SH:  0    Dex: 15    Spells: 7/7 levels left

rFire   . . .      SeeInvis .   a - +0 shortbow
rCold   . . .      Faith    .   (shield currently unavailable)
rNeg    . . .      Spirit   .   c - +0 leather armour
rPois   .          Reflect  .   (helmet restricted)
rElec   .          Harm     .   (no cloak)
rCorr   .          Rampage  .   z - +0 pair of gloves
Will    .....                   (no boots)
Stlth   +.........              k - amulet of regeneration
HPRegen 0.99/turn               x - ring of flight
MPRegen 0.10/turn               (no ring)

@: flying, drained
A: horns 2, retaliatory headbutt
a: Renounce Religion, Heroism


You were on level 6 of the Dungeon.
You worshipped Okawaru.
Okawaru was pleased with you.
You visited 2 branches of the dungeon, and saw 7 of its levels.

You collected 306 gold pieces.

Inventory:

Hand Weapons
 a - a +0 shortbow (weapon)
Missiles
 m - 4 curare-tipped darts
 B - 6 javelins
Armour
 c - a +0 leather armour (worn)
 z - a +0 pair of gloves (worn)
Jewellery
 k - an amulet of regeneration (around neck)
 x - a ring of flight (left hand)
 A - a +4 ring of evasion
Scrolls
 b - 3 scrolls of immolation
 d - 2 scrolls of teleportation {unknown}
 e - 2 scrolls of poison {unknown}
 h - a scroll of magic mapping {unknown}
 j - a scroll of blinking {unknown}
 l - 6 scrolls of identify {unknown}
 p - a scroll of vulnerability {unknown}
 q - a scroll of fog {unknown}
 s - 2 scrolls of silence {unknown}
 w - a scroll of noise {unknown}
 y - a scroll of fear {unknown}
Potions
 f - 2 potions of degeneration {unknown}
 g - 2 potions of cancellation {unknown}
 i - 4 potions of curing
 n - a potion of haste {unknown}
 o - a potion of might {unknown}
 r - a potion of brilliance {unknown}
 t - 3 potions of heal wounds {unknown}
 u - a potion of mutation {unknown}
 v - 3 potions of flight {unknown}


   Skills:
 - Level 3.0 Fighting
 + Level 11.3 Ranged Weapons
 - Level 2.1 Dodging
 - Level 0.7 Stealth


You had 7 spell levels left.
You didn't know any spells.
Your spell library contained the following spells:

 Spells                   Type           Power      Damage    Failure   Level
 Necrotise                Necr           0%         1d4       52%         1
 Poisonous Vapours        Pois/Air       0%         N/A       67%         2
 Vampiric Draining        Necr           0%         2d6       88%         3
 Dispel Undead            Necr           0%         3d6       99%         4
 Passage of Golubria      Tloc           0%         N/A       99%         4
 Agony                    Necr           0%         N/A       100%        5
 Yara's Violent Unravell  Hex/Tmut       0%         3d3       100%        5
 Tukima's Dance           Hex            Unusable   N/A       N/A         3

Dungeon Overview and Level Annotations

Branches:
Dungeon (6/15)             Temple (1/1) D:4

Altars:
Ashenzari
Cheibriados
Dithmenos
Elyvilon
Fedhas
Gozag
Hepliaklqana
Makhleb
Okawaru
Qazlal
Ru
Sif Muna
Trog
Uskayaw
Vehumet
Wu Jian
Xom
The Shining One

Annotations:
D:5 1 runed translucent door, Crazy Yiuf


Innate Abilities, Weirdness & Mutations

You have a pair of horns on your head.
You reflexively headbutt those who attack you in melee.


Message History

The kobold brigand completely misses you.
You shoot an arrow. The arrow hits the kobold brigand.
The kobold brigand is moderately wounded.
A wight comes into view.
It is wielding a +5 morningstar of freezing.
The kobold brigand hits you with a +0 dagger.
You shoot an arrow. The arrow hits the kobold brigand!
The kobold brigand is severely wounded.
The kobold brigand hits you with a +0 dagger.
You shoot an arrow. The arrow hits the kobold brigand!
You kill the kobold brigand!
Okawaru accepts your kill.
You shoot an arrow. The arrow hits the wight.
The wight is moderately damaged.
You hear an angry hiss.
You shoot an arrow.
The arrow hits the wight but does no damage.
The wight is moderately damaged.
An iguana comes into view.
The wight hits you with a +0 hand axe.
You feel drained. The wight misses you.
You shoot an arrow.
The arrow hits the wight but does no damage.
The wight is moderately damaged.
The wight hits you with a +0 hand axe. The wight closely misses you.
You furiously retaliate!
You headbutt the wight, but do no damage.
You shoot an arrow. The arrow barely misses the wight.
The wight hits you with a +0 hand axe.
You feel drained.
The wight hits you with a +5 morningstar of freezing!
The wight freezes you.
You are too injured to fight recklessly!
You are too injured to fight recklessly!
The wight attacks as you move away!
The wight hits you with a +5 morningstar of freezing!
* * * LOW HITPOINT WARNING * * *
You feel drained.
* * * LOW HITPOINT WARNING * * *
The wight freezes you!
* * * LOW HITPOINT WARNING * * *
The wight attacks as you move away! The wight hits you with a +0 hand axe!
You die...

##<#.##.))...........<..........#
##.#.######....################.#
[.>#.## #....####### #......
...(..# ##.........######......
.)..#.#..........................
....#.#.####.........######......
........################ #######
.........#......zzl...))
........##.. #..@# ........##.#
#...# ###......#.###..##
.##......#......#
..#......#.....##
..#......#...### ..#...#..#.####
......##.#....####
...#.).#.#.......#


You could see an iguana and 2 wights.

Vanquished Creatures
  2 black bears (D:6)
  A centaur (D:5)
  A kobold brigand (D:6)
  3 scorpions
  2 howler monkeys
  A hound (D:5)
  3 jellies
  4 iguanas (D:5)
  3 orc wizards
  5 adders
  10 gnolls
  A white imp (D:5)
  3 worms
  5 dart slugs
  11 orcs
  3 bats
  6 endoplasms
  5 giant cockroaches
  3 goblins
  5 hobgoblins
  2 jackals (D:3)
  3 quokkas
  10 ball pythons
  A frilled lizard (D:1)
  4 kobolds
  6 rats
103 creatures vanquished.

Vanquished Creatures (others)
  18 fungi (D:5)
  39 plants (D:4)
57 creatures vanquished.

Grand Total: 160 creatures vanquished

Notes
Turn   | Place    | Note
-------+----------+-------------------------------------------
     0 | D:1      | safid the Minotaur Hunter began the quest for the Orb.
     0 | D:1      | Reached XP level 1. HP: 18/18 MP: 0/0
    57 | D:1      | Reached XP level 2. HP: 24/26 MP: 1/1
   228 | D:1      | Reached skill level 5 in Ranged Weapons
   576 | D:1      | Found a faded altar of an unknown god.
   581 | D:1      | Got Plato's Lectures on Gloom
   729 | D:2      | Reached XP level 3. HP: 31/31 MP: 2/2
  1365 | D:2      | Got the Vellum of Deathly Poison
  1600 | D:3      | Reached XP level 4. HP: 38/38 MP: 3/3
  1655 | D:3      | Reached skill level 6 in Ranged Weapons
  2224 | D:4      | Found a staircase to the Ecumenical Temple.
  2294 | Temple   | Entered the Ecumenical Temple
  2482 | Temple   | Became a worshipper of Warmaster Okawaru
  2597 | D:4      | Reached XP level 5. HP: 45/45 MP: 4/4
  2688 | D:4      | Reached skill level 7 in Ranged Weapons
  2870 | D:5      | Entered Level 5 of the Dungeon
  2887 | D:5      | Reached skill level 8 in Ranged Weapons
  2887 | D:5      | Reached XP level 6. HP: 44/51 MP: 5/5
  3206 | D:5      | Reached skill level 9 in Ranged Weapons
  3238 | D:5      | Reached * piety under Okawaru
  3239 | D:5      | Reached XP level 7. HP: 30/57 MP: 6/6
  3389 | D:5      | Reached skill level 10 in Ranged Weapons
  3825 | D:5      | Found a runed translucent door.
  3826 | D:5      | Noticed Crazy Yiuf
  3867 | D:6      | Found a snail-covered altar of Cheibriados.
  4086 | D:6      | Reached ** piety under Okawaru
  4173 | D:6      | Reached skill level 11 in Ranged Weapons
  4173 | D:6      | Reached XP level 8. HP: 57/63 MP: 7/7
  4191 | D:6      | HP: 1/58 [wight/+5 morningstar of freezing (7)]
  4191 | D:6      | Mangled by a wight

Illustrated notes

Levels and vault maps discovered:
D:1:      amcnicky_arrival_double_pillar, layout_loops_ring, serial_glass,
          glass_columns_b, glass_columns_a, glass_columns_b, glass_columns_a,
          glass_columns_b, glass_columns_a, shapermc_ecumenical_altar_rom_forum,
          minmay_tree_intersection, st_stairs_3
D:2:      layout_basic, hangedman_decor_clover_reticule
D:3:      layout_loops_cross, grunt_ministairs_1
D:4:      layout_rooms, minmay_temple_entry_nine_rooms, serial_bayou_lagoon_a,
          kennysheep_generic_room_9
D:5:      layout_basic, serial_aquarium, aquarium_bridge_square
          [aquarium_subvault_window, aquarium_subvault_bridge,
          aquarium_subvault_bridge, aquarium_subvault_balcony],
          aquarium_bridge_square [aquarium_subvault_bridge,
          aquarium_subvault_balcony, aquarium_subvault_bridge,
          aquarium_subvault_wall], aquarium_window_3, aquarium_window_2,
          aquarium_window_fake, aquarium_window_corner, aquarium_view_2f,
          aquarium_balcony_3b, uniq_crazy_yiuf_cottage
D:6:      minmay_recursive_quarters, layout_rooms,
          mainiacjoe_overflow_boulevard, dk_yredelemnul_ordeal
Temple:   minmay_crystal_spiral_temple

Skill      XL: |  1  2  3  4  5  6  7 |
---------------+----------------------+-----
Fighting       | 3 |  3.0
Ranged Weapons | 5 6 8 9 11 | 11.3
Dodging        | |  2.1
Stealth        | |  0.7

Action                   |  1- 3 |  4- 6 |  7- 9 || total
-------------------------+-------+-------+-------++-------
 Fire: Shortbow          |    89 |   179 |   128 ||   396
  Use: Potion            |       |     1 |       ||     1
Armor: Leather armour    |     1 |    16 |    14 ||    31
Dodge: Dodged            |    16 |    47 |    49 ||   112
